 Dungeon Crawl Stone Soup version 0.19-a0-1493-gd0fcaa6 (webtiles) character file.

14901 Television the Spear-Bearer (level 11, -4/81 HPs)
             Began as a Mummy Arcane Marksman on Sept 9, 2016.
             Was a High Priest of Makhleb.
             Slain by an eight-headed hydra (7 damage)
             ... on level 2 of the Lair of Beasts.
             The game lasted 00:57:43 (15302 turns).

Television the Spear-Bearer (MuAM)                 Turns: 15302, Time: 00:57:44

Health: -4/81      AC: 10    Str: 18    XL:     11   Next: 94%
Magic:  17/17      EV: 14    Int: 14    God:    Makhleb [*****.]
Gold:   110        SH:  0    Dex: 13    Spells: 4 memorised, 9 levels left

rFire  . . .     SeeInvis .     b - +0 halberd
rCold  + . .     Gourm    .     L - +0 troll leather armour
rNeg   + + +     Faith    +     (shield currently unavailable)
rPois  ∞         Spirit   .     h - +1 helmet
rElec  .         Dismiss  .     x - +0 cloak
rCorr  .         Reflect  .     G - +2 pair of gloves {Str+3}
MR     +....     Harm     .     (no boots)
Stlth  +.........               k - amulet of faith
                                C - ring of protection from fire
                                O - +2 ring of evasion

@: no status effects
A: no food or potions, fire vulnerability, cold resistance 1, negative energy
resistance 3, torment resistance, unbreathing
a: Minor Destruction, Lesser Servant of Makhleb, Major Destruction, Greater
Servant of Makhleb, Renounce Religion


You were on level 2 of the Lair of Beasts.
You worshipped Makhleb.
Makhleb was extremely pleased with you.
You were not hungry.

You visited 2 branches of the dungeon, and saw 14 of its levels.

You collected 516 gold pieces.
You spent 406 gold pieces at shops.

Inventory:

Hand Weapons
 a - a +1 hand crossbow
 b - a +0 halberd (weapon)
Missiles
 d - 92 bolts
 j - 11 tomahawks (quivered)
 q - 48 poisoned needles
 H - a throwing net
Armour
 h - a +1 helmet (worn)
 r - a +2 robe of fire resistance
 x - a +0 cloak (worn)
 G - a +2 pair of gloves of strength (worn)
 L - a +0 troll leather armour (worn)
Jewellery
 f - an uncursed amulet of magic regeneration
 g - an uncursed ring of fire
 k - an amulet of faith (around neck)
 y - an uncursed ring of flight
 B - an uncursed ring of resist corrosion
 C - a ring of protection from fire (right hand)
 I - an uncursed ring of see invisible
 O - a +2 ring of evasion (left hand)
Wands
 e - a wand of enslavement (9/24)
 l - a wand of disintegration (15/24)
 p - a wand of digging (9/24)
 z - a wand of slowing (15/48)
 A - a wand of random effects (15/48)
 E - a wand of flame (13/48)
 F - a wand of iceblast (7/15)
 N - a wand of polymorph (15/24)
Scrolls
 n - 3 scrolls of teleportation
 o - a scroll of immolation
 s - 2 scrolls of identify
 t - a scroll of noise
 u - 5 scrolls of remove curse
 w - a scroll of magic mapping
 D - a scroll of fog
 M - a scroll of enchant weapon
 P - a scroll of amnesia
Books
 c - a book of Debilitation

   Spells                             Type                      Level
   a - Corona                         Hexes                        1
   b - Slow                           Hexes                        2
   c - Gell's Gravitas                Hexes/Translocation          3
   d - Inner Flame                    Hexes/Fire                   3
   e - Cause Fear                     Hexes                        4
   f - Leda's Liquefaction            Hexes/Earth                  4
 m - a book of Ice

   Spells                             Type                      Level
   a - Ice Form                       Ice/Transmutation            4
   b - Metabolic Englaciation         Hexes/Ice                    5
   c - Ozocubu's Refrigeration        Ice                          6
   d - Bolt of Cold                   Conjuration/Ice              6
   e - Freezing Cloud                 Conjuration/Ice/Air          6
   f - Simulacrum                     Ice/Necromancy               6
 v - a book of Beasts

   Spells                             Type                      Level
   a - Summon Butterflies             Summoning                    1
   b - Call Canine Familiar           Summoning                    3
   c - Summon Ice Beast               Ice/Summoning                4
   d - Summon Mana Viper              Hexes/Summoning              5
   e - Summon Hydra                   Summoning                    7
 J - a book of Misfortune

   Spells                             Type                      Level
   a - Confusing Touch                Hexes                        1
   b - Confuse                        Hexes                        3
   c - Gell's Gravitas                Hexes/Translocation          3
   d - Petrify                        Transmutation/Earth          4
   e - Metabolic Englaciation         Hexes/Ice                    5
   f - Yara's Violent Unravelling     Hexes/Transmutation          5
 K - the Reference Book on Spatial Clay
   (You found it on level 11 of the Dungeon)

   Spells                             Type                      Level
   a - Sandblast                      Earth                        1
   b - Passwall                       Transmutation/Earth          2
   c - Stone Arrow                    Conjuration/Earth            3
   d - Gell's Gravitas                Hexes/Translocation          3
   e - Shatter                        Earth                        9


   Skills:
 - Level 5.8 Fighting
 + Level 9.7 Polearms
 - Level 7.5 Crossbows
 - Level 1.5 Dodging
 - Level 4.1 Spellcasting
 * Level 7.3 Hexes
 * Level 6.6 Evocations


You had 9 spell levels left.
You knew the following spells:

 Your Spells              Type           Power        Failure   Level  Hunger
a - Corona                Hex            ###....      1%          1    N/A
b - Slow                  Hex            ###.....     1%          2    N/A
c - Inner Flame           Hex/Fire       ##......     17%         3    N/A
d - Confuse               Hex            ###.....     4%          3    N/A

Dungeon Overview and Level Annotations

Branches:
Dungeon (12/15)            Temple (0/1) D:5            Lair (2/6) D:9
  Swamp: Lair:2-4    Shoals: Lair:2-4     Snake: Lair:2-4    Spider: Lair:2-4
    Orc: D:9-12

Altars:
Ashenzari
Cheibriados
Elyvilon
Fedhas
Gozag
Makhleb
Nemelex Xobeh
Okawaru
Qazlal
Ru
Zin

Shops:
D:7 !   D:9 *   D:10 [

Annotations:
D:8 Joseph
D:9 exclusion: downstairs


Innate Abilities, Weirdness & Mutations

You do not eat or drink.
Your flesh is vulnerable to fire.
You are immune to poison.
Your flesh is cold resistant. (rC+)
You are immune to negative energy. (rN+++)
You are immune to unholy pain and torment.
You can survive without breathing.


Message History

Unknown command.
Unknown command.
Unknown command.
The giant frog barely misses you. The giant frog hits you.
* * * LOW HITPOINT WARNING * * *
Evoke which item? (* to show all) (? for menu, Esc to quit)
Zapping:
e - a wand of enslavement (10/24)
Press: ? - help, Shift-Dir - straight line, f/p - eight-headed hydra
Aim: an eight-headed hydra (chance to defeat MR: 26%)
The eight-headed hydra easily resists.
This wand has 9 charges left.
Something hits the plant but does no damage.
The eight-headed hydra barely misses you.
The eight-headed hydra closely misses you.
The eight-headed hydra misses you. The eight-headed hydra bites you.
* * * LOW HITPOINT WARNING * * *
The eight-headed hydra bites you!
* * * LOW HITPOINT WARNING * * *
The eight-headed hydra misses you. The eight-headed hydra bites you!
You die...

#..≈≈≈≈≈≈≈≈≈≈##.....##...P###.##
#..≈≈≈≈≈≈≈≈≈≈.#.....#P.........#
#..≈≈≈≈.≈≈≈≈.#......##....#....#
#..≈≈≈≈.<.÷..##......#...###...#
.##..........##.....##....######
#..........##÷....##...P# ####
#+P#.#.......#.#####...P####..#
...........FP#.#.##............
..............SD@................
..............D..................
.................................
................."...............
.............................
..###...............####'### #.
#...##.###P#.....##..###
#...P##.####....P#......
#.........##....##......


You could see 2 eight-headed hydras, a water moccasin and a giant frog.

Vanquished Creatures
  A hydra (Lair:2)
  Erica (D:10)
  Urug (D:10)
  2 unseen horrors (D:10)
  A hill giant (D:11)
  An ugly thing (D:11)
  A manticore (D:11)
  A black mamba (Lair:1)
  A centaur zombie (D:10)
  2 spiny frogs (Lair:1)
  A freezing wraith (D:11)
  A komodo dragon (Lair:1)
  A troll (D:9)
  2 slime creatures
  Grinder (D:4)
  Sigmund (D:3)
  A wraith (D:11)
  A spriggan (D:7)
  10 yaks
  4 hippogriffs
  A basilisk (D:11)
  A mottled dragon (D:10)
  A water moccasin (Lair:1)
  4 sky beasts
  2 porcupines (Lair:1)
  4 orc warriors
  A wasp (D:9)
  2 ice beasts
  2 necrophages
  5 ogres
  5 phantoms
  3 crocodiles
  2 big kobolds
  3 centaurs
  10 giant frogs
  4 scorpions
  3 wights (D:8)
  An electric eel (Lair:2)
  3 crimson imps
  2 quasits
  A giant frog zombie (D:11)
  A gnoll shaman (D:6)
  6 hounds
  3 jellies
  8 orc priests
  A giant frog skeleton (D:11)
  5 iguanas
  13 orc wizards
  5 worker ants
  A hound zombie (D:7)
  A hound skeleton (D:5)
  A howler monkey zombie (D:8)
  A worker ant zombie (D:9)
  A howler monkey skeleton (D:5)
  12 gnolls
  10 adders
  5 shadow imps
  2 oozes
  2 adder skeletons
  An adder zombie (D:5)
  A dart slug (D:1)
  3 giant geckos (D:5)
  38 orcs
  A ball python (D:1)
  4 bats
  7 giant cockroaches
  2 goblins (D:3)
  9 hobgoblins
  16 jackals
  4 quokkas
  3 giant newts
  17 kobolds
  A quokka zombie (D:8)
  7 rats
  A plant (Lair:1)
288 creatures vanquished.

Vanquished Creatures (others)
  A griffon (D:11)
  6 fungi
  A plant (Lair:2)
8 creatures vanquished.

Grand Total: 296 creatures vanquished

Notes
Turn   | Place    | Note
-------+----------+-------------------------------------------
     0 | D:1      | Television the Mummy Arcane Marksman began the quest for the Orb.
     0 | D:1      | Reached XP level 1. HP: 15/15 MP: 2/2
   169 | D:1      | Reached XP level 2. HP: 20/21 MP: 3/3
   399 | D:1      | Learned a level 2 spell: Slow
   806 | D:2      | Found a sparkling altar of Nemelex Xobeh.
  1142 | D:2      | Reached XP level 3. HP: 26/27 MP: 4/4
  1559 | D:3      | Reached XP level 4. HP: 25/34 MP: 3/5
  1625 | D:3      | Found a sacrificial altar of Ru.
  1797 | D:3      | Noticed Sigmund
  1955 | D:4      | Reached skill level 1 in Polearms
  1955 | D:4      | Reached XP level 5. HP: 25/41 MP: 6/6
  2096 | D:4      | Found a burning altar of Makhleb.
  2101 | D:4      | Became a worshipper of Makhleb the Destroyer
  2158 | D:4      | Noticed Grinder
  2160 | D:4      | Paralysed by Grinder for 6 turns
  2170 | D:4      | Killed Grinder
  2170 | D:4      | Reached skill level 2 in Polearms
  2170 | D:4      | Reached XP level 6. HP: 44/47 MP: 7/7
  2191 | D:4      | Found a glowing silver altar of Zin.
  2316 | D:3      | Found a blossoming altar of Fedhas.
  2462 | D:3      | Killed Sigmund
  2462 | D:3      | Reached XP level 7. HP: 53/53 MP: 8/8
  2493 | D:3      | Reached skill level 3 in Polearms
  2770 | D:3      | Found a stormy altar of Qazlal.
  2770 | D:3      | Found a snail-covered altar of Cheibriados.
  2857 | D:4      | Reached * piety under Makhleb
  2968 | D:5      | Entered Level 5 of the Dungeon
  3139 | D:5      | Reached skill level 5 in Crossbows
  3514 | D:5      | Reached skill level 4 in Polearms
  3556 | D:5      | Found a staircase to the Ecumenical Temple.
  3652 | D:5      | Reached XP level 8. HP: 60/60 MP: 9/9
  3799 | D:5      | Found an opulent altar of Gozag.
  4064 | D:5      | Reached ** piety under Makhleb
  5091 | D:5      | Reached skill level 5 in Polearms
  6074 | D:6      | Reached skill level 6 in Polearms
  6138 | D:6      | Reached XP level 9. HP: 28/65 MP: 7/10
  6355 | D:6      | Reached *** piety under Makhleb
  6998 | D:7      | Found an iron altar of Okawaru.
  7224 | D:7      | Learned a level 3 spell: Inner Flame
  7365 | D:7      | Reached skill level 7 in Polearms
  7561 | D:7      | Reached skill level 5 in Fighting
  7814 | D:7      | Found Sumnilomn's Distillery.
  7886 | D:8      | Reached **** piety under Makhleb
  8055 | D:8      | Noticed Joseph
  8085 | D:7      | Reached skill level 8 in Polearms
  8513 | D:9      | Found Suwneeb's Assorted Antiques.
  8519 | D:9      | Bought a pair of runed gloves for 126 gold pieces
  8519 | D:9      | Bought a scroll labeled EFIDOICI WET for 28 gold pieces
  8519 | D:9      | Bought a scroll labeled DAUSEI AL SORO for 28 gold pieces
  8588 | D:9      | Reached XP level 10. HP: 74/74 MP: 9/11
  8625 | D:9      | Found a shattered altar of Ashenzari.
  8929 | D:9      | Found a staircase to the Lair.
  9007 | D:9      | Reached ***** piety under Makhleb
  9241 | D:9      | Found a white marble altar of Elyvilon.
  9414 | D:9      | Bought a twisted ivory wand for 112 gold pieces
  9421 | D:10     | Entered Level 10 of the Dungeon
  9426 | D:10     | Noticed Urug
  9625 | D:10     | Noticed an unseen horror
  9634 | D:10     | Killed an unseen horror
 10267 | D:11     | Noticed a griffon
 10360 | D:11     | Noticed a manticore
 10370 | D:11     | Killed a manticore
 10374 | D:11     | Reached skill level 9 in Polearms
 10617 | D:11     | Learned a level 3 spell: Confuse
 10632 | D:11     | Identified the Reference Book on Spatial Clay
 10717 | D:11     | Found a blossoming altar of Fedhas.
 10729 | D:11     | Noticed a death knight
 11224 | D:9      | Reached skill level 5 in Hexes
 11679 | D:10     | Found Akibic's Antique Armour Shoppe.
 11747 | D:10     | Noticed Erica
 11774 | D:10     | Killed Erica
 11774 | D:10     | Reached XP level 11. HP: 55/81 MP: 0/14
 12058 | Lair:1   | Entered Level 1 of the Lair of Beasts
 12274 | Lair:1   | Noticed an eight-headed hydra
 12494 | Lair:1   | Reached skill level 5 in Evocations
 13055 | D:9      | Bought a worn glass wand for 112 gold pieces
 13258 | D:10     | Killed Urug
 13385 | D:10     | Noticed an unseen horror
 13394 | D:10     | Killed an unseen horror
 13641 | D:11     | Noticed a hill giant
 13655 | D:11     | Killed a hill giant
 13931 | D:11     | Noticed a purple ugly thing
 13967 | D:11     | Killed a purple ugly thing
 14123 | D:12     | HP: 3/81 [slime creature (13)]
 14208 | D:12     | Noticed a hill giant
 14791 | Lair:2   | Noticed an eight-headed hydra
 14808 | Lair:2   | Noticed a seven-headed hydra
 15070 | Lair:2   | Noticed an eight-headed hydra
 15099 | Lair:2   | Killed an eight-headed hydra
 15288 | Lair:2   | Noticed an eight-headed hydra
 15302 | Lair:2   | HP: 3/81 [eight-headed hydra (13)]
 15302 | Lair:2   | Slain by an eight-headed hydra

Vault maps used:
D:1:      dpeg_arrival_long_road
D:2:      nemelex_xobeh_ov_fountains_minmay, kennysheep_generic_room_5
D:3:      fedhas_altar_2, nicolae_ru_great_annihilating_truth,
          gammafunk_temple_overflow_elements, uniq_sigmund
D:4:      lightli_temple_of_fire, nicolae_overflow_crystal_walls, first_bread,
          sigmund_army, uniq_grinder
D:5:      grunt_ministairs_2, grunt_gozag_breadcrumbs
D:6:      kennysheep_path_1, corexii_checkpoint_a
D:7:      okawaru_gym_becter, serial_shops, nicolae_shop_behind_doors,
          the_bakery, minivault_24
D:8:      serial_undead, serial_undead_a, serial_undead_b, serial_undead_e,
          serial_undead_d, uniq_joseph
D:9:      old_standard_altar, nicolae_overflow_hidden_temple, serial_shops, shop
D:10:     serial_shops, nicolae_shop_trees, uniq_erica, uniq_urug
D:11:     basic_altar
D:12:     orc_0_dummy, serial_shops, shop_fountains
Lair:1:   serial_bayou_shore_b
Lair:2:   minmay_shoals_entry_lonely_mermaid, spider_nest_entry_funnel_web,
          grunt_megastairs_1, infiniplex_staircase_pool

Skill      XL: |  1  2  3  4  5  6  7  8  9 10 11 |
---------------+----------------------------------+-----
Crossbows      | 2 3 4 5 7 |  7.5
Fighting       | 2 3 4 5 |  5.8
Polearms       | 1 2 4 6 8 9 |  9.7
Hexes          | 3 5 7 |  7.3
Evocations     | 4 6 |  6.6
Spellcasting   | 2 4 |  4.1
Dodging        | |  1.5

Action                   |  1- 3 |  4- 6 |  7- 9 | 10-12 || total
-------------------------+-------+-------+-------+-------++-------
Melee: Spear             |    66 |       |       |       ||    66
       Halberd           |       |    57 |   584 |   552 ||  1193
 Fire: Hand crossbow     |    42 |    40 |    89 |    10 ||   181
 Cast: Corona            |     6 |     3 |    68 |    26 ||   103
       Slow              |       |       |     5 |     1 ||     6
       Confuse           |       |       |       |    70 ||    70
Evoke: Wand              |       |     7 |    13 |    34 ||    54
  Use: Scroll            |     1 |     8 |     8 |     8 ||    25
 Stab: Paralysed         |       |       |     2 |     5 ||     7
       Distracted        |       |       |     1 |     1 ||     2
       Confused          |       |       |       |    23 ||    23
Armor: Robe              |    26 |     8 |       |       ||    34
       Leather armour    |       |    23 |   236 |    92 ||   351
       Troll leather arm |       |       |       |    69 ||    69
Dodge: Dodged            |    58 |    66 |   419 |   352 ||   895
